 Dungeon Crawl Stone Soup version 0.29-a0-359-g541a27f54d (webtiles) character file.

Game seed: 10623934329799191912

91 Essalna the Skirmisher (level 4, 41/41 HPs)
             Began as a Ghoul Monk on Apr 23, 2022.
             Safely got out of the dungeon.
             The game lasted 00:02:40 (1785 turns).

Essalna the Skirmisher (Ghoul Monk)                 Turns: 1785, Time: 00:02:41

Health: 41/41      AC:  2    Str: 14    XL:     4   Next: 57%
Magic:  3/3        EV: 12    Int:  5    God:
Gold:   121        SH:  0    Dex: 13    Spells: 3/3 levels left

rFire   . . .      SeeInvis .     - Unarmed
rCold   + . .      Faith    .   (no shield)
rNeg    + + +      Spirit   .   a - +0 robe
rPois   ∞          Reflect  .   (no helmet)
rElec   .          Harm     .   (no cloak)
rCorr   .          Rampage  .   (no gloves)
Will    .....                   (no boots)
Stlth   ++........              (no amulet)
HPRegen 0.13/turn               (no ring)
MPRegen 0.08/turn               (no ring)

@: no status effects
A: claws 1, cold resistance 1, negative energy resistance 3, inhibited
regeneration, torment resistance 2, devour on kill
a: no special abilities


You escaped.
You visited 1 branch of the dungeon, and saw 2 of its levels.

You collected 121 gold pieces.

Inventory:

Armour
 a - a +0 robe (worn)
Scrolls
 c - a scroll of holy word {unknown}
 e - a scroll of identify {unknown}
 g - a scroll of teleportation {unknown}
 h - 3 scrolls of enchant armour {unknown}
 i - a scroll of enchant weapon {unknown}
 j - a scroll of immolation {unknown}
 m - a scroll of magic mapping {unknown}
Potions
 b - a potion of ambrosia
 d - 2 potions of curing {unknown}
 f - 2 potions of magic {unknown}
 k - a potion of attraction {unknown}
 l - a potion of heal wounds {unknown}


   Skills:
 + Level 4.6 Fighting
 - Level 2.6 Dodging
 - Level 2.1 Stealth
 + Level 4.6 Unarmed Combat


You had 3 spell levels left.
You didn't know any spells.
Your spell library contained the following spells:

 Spells                   Type           Power      Damage    Failure   Level
 Sandblast                Erth           0%         2d4       47%         1
 Passwall                 Tmut/Erth      0%         N/A       63%         2
 Stone Arrow              Conj/Erth      0%         3d7       85%         3


Dungeon Overview and Level Annotations

Branches:
Dungeon (2/15)

Altars:


Innate Abilities, Weirdness & Mutations

You are immune to poison.
You have sharp fingernails.
Your flesh is cold resistant. (rC+)
You are immune to negative energy. (rN+++)
You do not regenerate when monsters are visible.
You are immune to unholy pain and torment.
You thrive by killing the living.


Message History

You see here a frilled lizard corpse.
You now have 109 gold pieces (gained 6).
A dart slug comes into view.
A dart slug is nearby!
A dart slug is nearby!
A dart slug is nearby!
A dart slug is nearby!
A dart slug is nearby!
A dart slug is nearby!
A dart slug is nearby!
You are too injured to fight recklessly!
You scratch the dart slug.
The dart slug is heavily wounded.
An endoplasm comes into view.
The dart slug completely misses you.
The endoplasm quivers.
You scratch the dart slug.
You kill the dart slug!
You feel better.
You claw the endoplasm!
You kill the endoplasm!
You feel better.
You now have 121 gold pieces (gained 12).
You see here a +0 flail.
Things that are here:
a +0 flail; a +0 spear Done exploring.
Done exploring.
Done exploring.
Done exploring.
Welcome back, Essalna the Ghoul Monk.
Press ? for a list of commands and other information.
There is a stone staircase leading up here.
You climb upwards.
There is a stone staircase leading down here.
There is a staircase leading out of the dungeon here.
Are you sure you want to leave the Dungeon?
This will make you lose the game!
Alright, then stay!
Are you sure you want to leave the Dungeon?
This will make you lose the game!
You have escaped!

#...(....########....#........
#........#.....)..#..#........
#............#.....>..........
####.####.[.#.#..#..###+#+#...
#.......#...#......#.......
#..#####.....#####.#......#
##..#...........#..#......#
##..#.........#..#.......#
##..#....@....#..###.....#
#..#...........#..##.....#
#.#####.....#####.##[....#
#......#...#......##.....#
######..#.#..#######.....#
##..#..## #.....### ##...##
#.....# # ##### #....####
#.......#


There were no monsters in sight!

Vanquished Creatures
  2 adders (D:2)
  3 gnolls (D:2)
  4 dart slugs
  3 bats
  7 endoplasms
  2 goblins (D:2)
  A hobgoblin (D:1)
  3 quokkas
  4 ball pythons
  3 frilled lizards
  A kobold (D:1)
  3 rats
36 creatures vanquished.

Vanquished Creatures (others)
  2 demonic plants (D:2)
2 creatures vanquished.

Grand Total: 38 creatures vanquished

Notes
Turn   | Place    | Note
-------+----------+-------------------------------------------
     0 | D:1      | Essalna the Ghoul Monk began the quest for the Orb.
     0 | D:1      | Reached XP level 1. HP: 19/19 MP: 0/0
    94 | D:1      | Reached XP level 2. HP: 26/26 MP: 1/1
   851 | D:2      | Reached XP level 3. HP: 27/33 MP: 2/2
  1048 | D:2      | Reached XP level 4. HP: 38/41 MP: 3/3
  1115 | D:2      | Found a faded altar of an unknown god.
  1723 | D:2      | Upgraded the game from 0.29-a0-352-g0917bc69df to
                  | 0.29-a0-359-g541a27f54d
  1785 | D:$      | Safely got out of the dungeon.

Illustrated notes

Levels and vault maps discovered:
D:1:      scummos_arrival_star, layout_basic, minmay_misc_feat_rugged
D:2:      layout_loops_cross, shapermc_ecumenical_altar_starsandcircs,
          dreamdust_princess_corridor

Skill      XL: |  1  2 |
---------------+-------+-----
Fighting       | 4 |  4.6
Unarmed Combat | 4 |  4.6
Dodging        | |  2.6
Stealth        | |  2.1

Action                   |  1- 3 |  4- 6 || total
-------------------------+-------+-------++-------
Melee: Unarmed           |    75 |    43 ||   118
       Punch             |     1 |       ||     1
 Stab: Sleeping          |     4 |     2 ||     6
Armor: Robe              |     9 |    11 ||    20
Dodge: Dodged            |    42 |    28 ||    70

Table legend: (Time is in decaauts)
 A = Elapsed time spent in this place.
 B = Non-inter-level travel time spent in this place.
 C = Inter-level travel time spent in this place.
 D = Time resting spent in this place.
 E = Time spent auto-exploring this place.
 F = Levels seen in this place.
 G = Mean time per level.
                   A        B        C        D        E       F      G
               +--------+--------+--------+--------+--------+-----+--------+
         Total |   1776 |   1707 |     69 |     88 |   1302 |   2 |  888.0 |
       Dungeon |   1776 |   1707 |     69 |     88 |   1302 |   2 |  888.0 |
               +--------+--------+--------+--------+--------+-----+--------+

Top non-repeatable levels by time:
     D:2: 1050 daAuts
     D:1: 725 daAuts
